 Dungeon Crawl Stone Soup version 0.27-a0-887-gcab673c142 (webtiles) character file.

Game seed: 7360583061049578353

5450 Sikroth the Cleaver (level 10, -1/90 HPs)
             Began as a Minotaur Berserker on Apr 3, 2021.
             Was an Elder of Trog.
             Killed from afar by an electric eel (9 damage)
             ... with a bolt of electricity
             ... on level 7 of the Dungeon.
             The game lasted 00:46:56 (10274 turns).

Sikroth the Cleaver (Minotaur Berserker)           Turns: 10274, Time: 00:46:57

Health: -1/90      AC: 12    Str: 26    XL:     10   Next: 41%
Magic:  0/9        EV: 14    Int:  4    God:    Trog [****..]
Gold:   360        SH:  0    Dex:  9    Spells: 9/9 levels left

rFire    + . .     SeeInvis .   E - +0 battleaxe
rCold    . . .     Faith    .   (shield currently unavailable)
rNeg     . . .     Spirit   +   z - +0 chain mail
rPois    .         Reflect  .   (helmet restricted)
rElec    .         Harm     .   (no cloak)
rCorr    .         Rampage  .   (no gloves)
Will     .....                  y - +0 pair of boots
Stlth    ..........             g - amulet of guardian spirit
HPRegen  0.25/turn              m - +4 ring of evasion
MPRegen  0.11/turn              r - ring of protection from fire

@: very slow
A: horns 2, retaliatory headbutt
a: Renounce Religion, Berserk, Trog's Hand, Brothers in Arms


You were on level 7 of the Dungeon.
You worshipped Trog.
Trog was greatly pleased with you.
You visited 1 branch of the dungeon, and saw 7 of its levels.

You collected 360 gold pieces.

Inventory:

Hand Weapons
 a - a +1 hand axe
 u - a +0 flail of protection
 E - a +0 battleaxe (weapon)
 F - a +5 falchion of freezing
 G - a +5 spear
 H - a +3 dagger
 J - a +0 battleaxe
Missiles
 i - 55 poisoned darts
 j - 175 stones (quivered)
 w - 15 boomerangs
 I - a curare-tipped dart
Armour
 b - a +0 scale mail
 x - a +0 tower shield
 y - a +0 pair of boots (worn)
 z - a +0 chain mail (worn)
 B - a +2 robe of fire resistance
Jewellery
 g - an amulet of guardian spirit (around neck)
 k - a ring of flight
 m - a +4 ring of evasion (left hand)
 o - a ring of resist corrosion
 r - a ring of protection from fire (right hand)
 A - a ring of magical power
Wands
 C - a wand of flame (11)
Scrolls
 d - 2 scrolls of teleportation
 e - 6 scrolls of identify
 f - a scroll of torment {unknown}
 n - a scroll of noise {unknown}
 p - a scroll of magic mapping {unknown}
 q - 2 scrolls of fear
 t - 4 scrolls of enchant weapon
 D - a scroll of amnesia {unknown}
Potions
 c - a potion of might
 h - a potion of resistance {unknown}
 l - 2 potions of curing
 s - a potion of heal wounds
 v - a potion of attraction {unknown}


   Skills:
 + Level 8.7 Fighting
 * Level 11.6 Axes
 + Level 8.3 Armour
 + Level 7.6 Dodging
 - Level 5.5 Shields


You had 9 spell levels left.
You didn't know any spells.
Your spell library contained the following spells:

 Spells                   Type           Power      Damage    Failure   Level
 Freeze                   Ice            0%         1d3       96%         1
 Frozen Ramparts          Ice            0%         1d2       100%        3
 Ozocubu's Armour         Ice            0%         N/A       100%        3
 Hailstorm                Conj/Ice       0%         3d3       100%        4
 Summon Ice Beast         Ice/Summ       0%         N/A       100%        4


Dungeon Overview and Level Annotations

Branches:
Dungeon (7/15)             Temple (0/1) D:4

Altars:
Cheibriados
Hepliaklqana
Kikubaaqudgha
Nemelex Xobeh
Zin

Shops:
D:1 =   D:2 =


Innate Abilities, Weirdness & Mutations

You have a pair of horns on your head.
You reflexively headbutt those who attack you in melee.


Message History

Your unstable footing causes you to fumble your attack.
The electric eel shoots out a bolt of lightning at you!
The bolt of electricity hits you!
You barely miss the electric eel.
The electric eel is heavily wounded.
The electric eel shoots out a bolt of lightning at you!
The bolt of electricity hits you!
Your unstable footing causes you to fumble your attack.
Your unstable footing causes you to fumble your attack.
The electric eel shoots out a bolt of lightning at you!
The bolt of electricity hits you.
You miss the electric eel.
The electric eel is heavily wounded.
The electric eel shoots out a bolt of lightning at you!
The bolt of electricity hits you!
You miss the electric eel.
The electric eel is heavily wounded.
You closely miss the kobold. You barely miss the electric eel.
Your headbutt misses the electric eel.
The electric eel is heavily wounded.
You miss the kobold.
The kobold splashes around in the water.
The kobold completely misses you.
You barely miss the electric eel.
The electric eel is heavily wounded.
You hit the kobold.
You kill the kobold!
Trog accepts your kill.
You hear a splash. x2
The electric eel shoots out a bolt of lightning at you!
The bolt of electricity hits you!
* * * LOW HITPOINT WARNING * * *
The electric eel shoots out a bolt of lightning at you!
The bolt of electricity hits you!
* * * LOW HITPOINT WARNING * * *
The electric eel shoots out a bolt of lightning at you!
The bolt of electricity hits you!
* * * LOW HITPOINT WARNING * * *
The bolt of electricity hits you!
You die...

#.# #.##≈#
#≈≈≈###.##
##.#########.#
#.##### #≈...#...#
#............#
#....###.........
##############
#....'.#.........
#....'.'.........
##....###.........
##.#######....#...#
#≈## #≈##≈.###.##
##≈@# ##≈≈##≈≈.#≈≈≈#
#≈≈≈##≈K≈≈≈##≈≈≈≈≈≈.
#≈≈;#≈≈≈≈≈≈≈##.#≈.≈≈
#≈)≈#≈≈≈≈≈≈≈ ##..#.≈
#≈≈))≈≈≈≈≈≈≈ ##.##P
#≈≈≈≈≈≈≈≈≈≈≈ ##.#.
#≈≈≈≈≈≈#.≈≈≈ ##..
#≈≈≈≈≈≈# .≈≈ ##.
#≈≈≈≈≈≈# ≈ ##


You could see an electric eel.

Vanquished Creatures
  A two-headed ogre (D:7)
  Pikel (D:6)
  A meliai zombie (D:7)
  Sigmund (D:3)
  Edmund (D:5)
  3 black bears
  Duvessa (D:6)
  An ice beast (D:7)
  A hornet zombie (D:7)
  5 necrophages
  4 sky beasts
  An ogre (D:7)
  2 phantoms
  A lemure (D:6)
  3 kobold brigands (D:7)
  2 bullfrogs (D:7)
  Dowan (D:6)
  A water moccasin zombie (D:5)
  A wyvern zombie (D:6)
  A wyvern skeleton (D:6)
  5 killer bees (D:7)
  5 wights (D:7)
  2 howler monkeys (D:7)
  2 electric eels
  2 jellies (D:6)
  3 centaur zombies
  A hound (D:5)
  A bullfrog skeleton (D:6)
  A human zombie (D:7)
  5 orc priests
  A gnoll shaman (D:5)
  Jessica (D:3)
  8 orc wizards
  2 centaur skeletons (D:7)
  Natasha (twice) (D:3)
  3 iguanas
  2 killer bee zombies
  A hound skeleton (D:5)
  2 howler monkey zombies
  7 gnolls
  A howler monkey skeleton (D:7)
  11 adders
  A shadow imp (D:5)
  An ufetubus (D:5)
  4 worms
  2 dart slugs (D:4)
  23 orcs
  9 endoplasms
  7 giant cockroaches
  6 goblins
  6 hobgoblins
  6 jackals
  3 quokkas
  3 ball pythons
  6 bats
  3 frilled lizards
  12 kobolds
  13 rats
206 creatures vanquished.

Vanquished Creatures (others)
  5 plants (D:2)
5 creatures vanquished.

Grand Total: 211 creatures vanquished

Notes
Turn   | Place    | Note
-------+----------+-------------------------------------------
     0 | D:1      | Sikroth the Minotaur Berserker began the quest for the Orb.
     0 | D:1      | Reached XP level 1. HP: 19/19 MP: 0/0
   338 | D:1      | Reached XP level 2. HP: 27/27 MP: 1/1
   426 | D:1      | Reached skill level 4 in Axes
   562 | D:1      | Found a faded altar of an unknown god.
   913 | D:1      | Found Beuhet's Jewellery Emporium.
  1476 | D:2      | Reached XP level 3. HP: 27/33 MP: 2/2
  1732 | D:2      | Reached ** piety under Trog
  1813 | D:2      | Found Xicrif's Jewellery Shoppe.
  2154 | D:2      | Reached XP level 4. HP: 38/40 MP: 3/3
  2677 | D:3      | Reached skill level 5 in Axes
  2680 | D:3      | Reached XP level 5. HP: 47/47 MP: 4/4
  2729 | D:3      | Found a hazy altar of Hepliaklqana.
  2949 | D:3      | Found a sparkling altar of Nemelex Xobeh.
  2949 | D:3      | Found a snail-covered altar of Cheibriados.
  3001 | D:3      | Noticed Natasha
  3006 | D:3      | Killed Natasha
  3104 | D:3      | Noticed Sigmund
  3147 | D:3      | Killed Sigmund
  3148 | D:3      | Reached skill level 5 in Fighting
  3148 | D:3      | Reached skill level 6 in Axes
  3148 | D:3      | Reached XP level 6. HP: 25/56 MP: 5/5
  3800 | D:3      | Noticed Natasha
  3805 | D:3      | Killed Natasha
  3864 | D:3      | Noticed Jessica
  3868 | D:3      | Killed Jessica
  4326 | D:4      | Found a staircase to the Ecumenical Temple.
  4454 | D:4      | Reached XP level 7. HP: 61/61 MP: 6/6
  4665 | D:4      | Reached *** piety under Trog
  4992 | D:4      | Reached skill level 7 in Axes
  5653 | D:5      | Entered Level 5 of the Dungeon
  5700 | D:5      | Reached skill level 5 in Armour
  5951 | D:5      | Reached skill level 1 in Shields
  6164 | D:5      | Reached skill level 5 in Dodging
  6164 | D:5      | Reached XP level 8. HP: 33/70 MP: 3/7
  6575 | D:5      | Reached skill level 8 in Axes
  6656 | D:5      | Noticed Edmund
  6673 | D:5      | Killed Edmund
  7366 | D:6      | Found a glowing silver altar of Zin.
  7368 | D:6      | Noticed Pikel
  7394 | D:6      | Killed Pikel
  7395 | D:6      | Reached skill level 9 in Axes
  7634 | D:6      | Reached XP level 9. HP: 73/79 MP: 8/8
  8329 | D:6      | Noticed Duvessa
  8342 | D:6      | Noticed Dowan
  8346 | D:6      | Killed Duvessa
  8350 | D:6      | Killed Dowan
  8800 | D:6      | Reached skill level 10 in Axes
  9080 | D:7      | Noticed a two-headed ogre
  9091 | D:7      | Killed a two-headed ogre
  9091 | D:7      | Reached **** piety under Trog
  9092 | D:7      | Reached skill level 5 in Shields
  9510 | D:7      | Reached XP level 10. HP: 86/88 MP: 7/9
  9554 | D:7      | Reached skill level 11 in Axes
  9604 | D:7      | Found an ancient bone altar of Kikubaaqudgha.
 10274 | D:7      | Killed from afar by an electric eel

Illustrated notes

Levels and vault maps discovered:
D:1:      psy_arrival_whirlpool, layout_loops_corners, basic_ecumenical_altar,
          serial_shops, shop_fountains, minmay_ruptured
D:2:      minmay_recursive_quarters, layout_loops_ring, serial_shops,
          nicolae_shop_waterfront, serial_bayou_lagoon_b
D:3:      layout_loops_corners, old_standard_altar, grunt_temple_overflow_open,
          minmay_unequal, uniq_natasha, uniq_sigmund, uniq_jessica
D:4:      layout_basic, minmay_temple_entry_metal_lava, hangedman_decor_points,
          kennysheep_minor_cross
D:5:      layout_loops_ring, uniq_edmund
D:6:      layout_loops_ring, amcnicky_altar_gilded, grunt_ministairs_13,
          dk_noncrumbling_3, hangedman_decor_riveting,
          minmay_misc_feat_four_crosses, nrook_pool_corridor, uniq_duvessa,
          uniq_pikel
D:7:      wad_lake_hut, layout_basic, lemuel_mausoleum_altar_kikubaaqudgha,
          minmay_joined_circles

Skill      XL: |  1  2  3  4  5  6  7  8  9 10 |
---------------+-------------------------------+-----
Axes           | 4 5 6 7 9 10 11 | 11.6
Fighting       | 4 5 6 7 8 |  8.7
Armour         | 3 4 5 6 7 8 |  8.3
Dodging        | 3 4 5 7 |  7.6
Shields        | 1 3 5 |  5.5

Action                   |  1- 3 |  4- 6 |  7- 9 | 10-12 || total
-------------------------+-------+-------+-------+-------++-------
Melee: Hand axe          |    85 |   102 |   353 |    19 ||   559
       Headbutt          |    13 |    15 |    81 |    16 ||   125
       Battleaxe         |       |       |       |    84 ||    84
Throw: Stone             |    11 |       |    11 |       ||    22
Invok: Berserk           |     1 |     3 |     7 |       ||    11
       Trog's Hand       |       |     2 |     4 |       ||     6
  Use: Scroll            |     1 |     1 |     2 |       ||     4
       Potion            |       |       |     1 |       ||     1
Armor: Animal skin       |     5 |       |       |       ||     5
       Ring mail         |     9 |    16 |     4 |       ||    29
       Scale mail        |       |       |    32 |       ||    32
       Chain mail        |       |       |    69 |    39 ||   108
Dodge: Dodged            |    32 |    45 |   100 |    69 ||   246
Block: Tower shield      |       |       |   207 |    17 ||   224

Table legend: (Time is in decaauts)
 A = Elapsed time spent in this place.
 B = Non-inter-level travel time spent in this place.
 C = Inter-level travel time spent in this place.
 D = Time resting spent in this place.
 E = Time spent auto-exploring this place.
 F = Levels seen in this place.
 G = Mean time per level.
                   A        B        C        D        E       F      G
               +--------+--------+--------+--------+--------+-----+--------+
         Total |  10515 |  10200 |    315 |   1277 |   6810 |   7 | 1502.1 |
       Dungeon |  10515 |  10200 |    315 |   1277 |   6810 |   7 | 1502.1 |
               +--------+--------+--------+--------+--------+-----+--------+

Top non-repeatable levels by time:
     D:6: 1713 daAuts
     D:3: 1689 daAuts
     D:5: 1674 daAuts
     D:7: 1404 daAuts
     D:1: 1347 daAuts
     D:4: 1345 daAuts
     D:2: 1342 daAuts
